 Dungeon Crawl Stone Soup version 0.18-a0-995-gd892ad2 (webtiles) character file.

325117 Arkorax the Black Belt (level 21, -8/124 HPs)
             Began as a Vine Stalker Monk on Jan 4, 2016.
             Was the Champion of Elyvilon.
             Mangled by a spark wasp (16 damage)
             ... on level 1 of the Depths on Jan 5, 2016.
             The game lasted 02:10:05 (46545 turns).

Arkorax the Black Belt (Vine Stalker Monk)         Turns: 46545, Time: 02:10:05

Health: -8/124     AC:  8    Str: 17    XL:     21   Next: 61%
Magic:  0/34       EV: 25    Int: 11    God:    Elyvilon [******]
Gold:   3018       SH:  0    Dex: 21    Spells: 2 memorised, 17 levels left

rFire  . . .     SeeInvis +       - Unarmed
rCold  + + .     Gourm    .     V - +1 robe of Oblivion {MR++ Regen+}
rNeg   + . .     Faith    .     I - +3 buckler {rC+}
rPois  +         Spirit   +     y - +2 hat
rElec  .         Dismiss  .     W - +1 cloak {rPois}
rCorr  .         Reflect  +     B - +0 pair of gloves of Depression {rN+ Regen+ Dex-4}
SustAt .         Harm     .     G - +2 pair of boots of Xaokohy {rC+}
MR     ++++.                    h - +4 amulet of reflection
Stlth  +.........               H - ring of see invisible
                                N - +2 ring of dexterity

@: confused, lethally poisoned (-8 -> -11), corroded equipment, incredibly
resistant to hostile enchantments, very unstealthy
A: fangs 3, regeneration 3, magic shield, antimagic bite, no device heal 3, rot
immunity
a: Lesser Healing, Heal Other, Purification, Greater Healing, Divine Vigour,
Divine Protection, Renounce Religion
}: 2/15 runes: barnacled, gossamer


You were on level 1 of the Depths.
You worshipped Elyvilon.
Elyvilon was exalted by your worship.
You were not hungry.

You visited 7 branches of the dungeon, and saw 38 of its levels.
You also visited: Labyrinth and Volcano.

You collected 4196 gold pieces.
You spent 1178 gold pieces at shops.

Inventory:

Missiles
 O - 12 throwing nets (quivered)
Armour
 e - the +1 pair of gloves "Agrun" {rPois Int+4 Dex+3}
   (You acquired it on level 1 of the Shoals)

   It affects your intelligence (+4).
   It affects your dexterity (+3).
   It protects you from poison.
 y - a +2 hat (worn)
 B - the +0 pair of gloves of Depression (worn) {rN+ Regen+ Dex-4}
   (You bought it in a shop on level 10 of the Dungeon)

   It affects your dexterity (-4).
   It protects you from negative energy.
   It increases your rate of regeneration.
 G - the +2 pair of boots of Xaokohy (worn) {rC+}
   (You found it on level 3 of the Vaults)

   It protects you from cold.
 I - a +3 buckler of cold resistance (worn)
 P - the +0 cloak of the Beginning {rN+ Dex+3}
   (You acquired it on level 14 of the Dungeon)

   It affects your dexterity (+3).
   It protects you from negative energy.
 V - the +1 robe of Oblivion (worn) {MR++ Regen+}
   (You found it on level 1 of the Shoals)

   It affects your resistance to hostile enchantments.
   It increases your rate of regeneration.
 W - a +1 cloak of poison resistance (worn)
Jewellery
 h - a +4 amulet of reflection (around neck)
 j - an uncursed ring of protection from cold
 H - a ring of see invisible (right hand)
 N - a +2 ring of dexterity (left hand)
 U - an uncursed ring of protection from cold
 X - an uncursed amulet of resist corrosion
Wands
 g - a wand of hasting (3/9)
 o - a wand of disintegration (0/24)
 w - a wand of teleportation (2/9)
 x - a wand of digging (2/24)
 A - a wand of digging (6/24)
 C - a wand of fireball (0/15)
 J - a wand of digging (14/24)
 K - a wand of paralysis (5/24)
Scrolls
 a - 3 scrolls of identify
 d - 6 scrolls of magic mapping
 l - 6 scrolls of fear
 m - 2 scrolls of blinking
 n - 2 scrolls of silence
 p - a scroll of teleportation
 q - 15 scrolls of remove curse
 D - 4 scrolls of amnesia
 E - 3 scrolls of enchant armour
 M - 2 scrolls of fog
 R - a scroll of enchant weapon
 S - 2 scrolls of holy word
 Z - 2 scrolls of summoning
Potions
 c - 3 potions of magic
 r - 5 potions of brilliance
 t - 2 potions of ambrosia
 u - a potion of haste
 z - 3 potions of agility
 F - 3 potions of flight
 L - a potion of cure mutation
 Q - 3 potions of might
 T - 6 potions of curing
 Y - 5 potions of lignification
Comestibles
 b - 4 bread rations
 f - 4 royal jellies
 i - 5 meat rations
 k - 20 fruits
 s - 7 beef jerkies
 v - 17 slices of pizza


   Skills:
 + Level 18.6 Fighting
 - Level 6.1 Armour
 * Level 13.1 Dodging
 - Level 2.4 Stealth
 - Level 4.1 Shields
 + Level 19.4 Unarmed Combat
 - Level 17.7 Invocations


You had 17 spell levels left.
You knew the following spells:

 Your Spells              Type           Power        Failure   Level  Hunger
a - Apportation           Tloc           #.........   34%         1    ##.....
b - Swiftness             Chrm/Air       #.......     56%         2    ###....


Dungeon Overview and Level Annotations

Branches:
Dungeon (15/15)            Temple (0/1) D:6            Lair (8/8) D:10
 Shoals (4/4) Lair:3       Spider (4/4) Lair:6        Slime (0/6) Lair:6
    Orc (2/2) D:9             Elf (0/3) Orc:2        Vaults (4/5) D:14
  Crypt (0/3) Vaults:3     Depths (1/5) D:15

Altars:
Ashenzari
Cheibriados
Elyvilon
Kikubaaqudgha
Makhleb
Nemelex Xobeh
Okawaru
Pakellas
Qazlal
Ru
Sif Muna
Vehumet
Zin
The Shining One
Beogh
Jiyva

Shops:
D:7 (   D:8 (   D:10 *[   Orc:1 *   Orc:2 :=}%   Shoals:1 [   Shoals:3 (
Vaults:2 (

Portals:
Hell: Depths:1


Innate Abilities, Weirdness & Mutations

You have razor-sharp teeth.
You regenerate.
When hurt, damage is shared between your health and your magic reserves.
Your bite disrupts and absorbs the magic of your enemies.
Potions and wands cannot restore your health.
You are immune to rotting.


Message History

You nearly stumble into some lava!
You feel very sick. The spark wasp completely misses you.
The tarantella bites you!
* * * LOW HITPOINT WARNING * * *
You are more confused.
The spark wasp closely misses you. x2
You feel very sick. The spark wasp completely misses you.
Unknown command.
You feel very sick. The spark wasp closely misses you.
Unknown command.
You feel sick. The spark wasp stings you!!
* * * LOW HITPOINT WARNING * * *
The spark wasp shocks you!
* * * LOW HITPOINT WARNING * * *
The spark wasp stings you! Elyvilon protects you from harm!
The spark wasp shocks you!
You die...

#....#..##.....#
#....#..∩#....)#
#......#.(......
####....#...)(..<
#.......###.)..(#
####.......###.†)...
##.###.#.........)...
#..y#..#.#..#........
#.yy@...##..##..#....
###.sy...##...##.......
#...s§§.#.....##....†..
#...p≈§.##...# ###.(≈>.
##...§.......## #..≈#≈.
#.............# ...≈..#≈
#........#........≈#...#
##.......##?. .....≈#.
##.......#.........


You could see an entropy weaver, 4 spark wasps, a tarantella and a redback.

Vanquished Creatures
  Sojobo (Vaults:1)
  Nikola (Vaults:2)
  Jorgrun (Spider:2)
  A tentacled monstrosity (Vaults:3)
  The ghost of Somebody the Cryomancer, an adept DEIE of Sif Muna (Vaults:1)
  A kraken (Shoals:4)
  Frances (Shoals:1)
  A sphinx (Vaults:3)
  Kirke (Lair:3)
  2 tengu reavers
  A revenant (Vaults:3)
  2 frost giants
  A fire giant (Vaults:3)
  10 vault wardens
  2 deep elf sorcerers (Vaults:3)
  An azure jelly (D:15)
  2 ghost moths (Spider:4)
  5 emperor scorpions
  A ghoul (Vaults:2)
  9 ironheart preservers
  A very ugly thing (Depths:1)
  2 salamander stormcallers
  3 stone giants
  A deep elf demonologist (Vaults:3)
  4 spark wasps
  4 ettins
  Snorg (D:13)
  The ghost of ZiggyStardust the Fighter, a journeyman OgIE of the Shining One (D:11)
  4 fire dragons
  A crystal guardian (Vaults:3)
  3 vault guards
  5 merfolk impalers
  5 yaktaur captains
  3 merfolk javelineers
  A minotaur (Lab)
  3 rakshasas
  7 entropy weavers
  3 great orbs of eyes
  7 hydras
  3 catoblepae (Lair:8)
  2 merfolk aquamancers (Shoals:3)
  5 death knights
  A merfolk avatar (Shoals:2)
  4 centaur warriors
  2 satyrs
  27 death yaks
  A queen ant (Spider:1)
  A tengu warrior (Depths:1)
  7 ogre magi
  2 deep troll earth magi (Vaults:3)
  An orc high priest (Orc:2)
  A deep troll shaman (Vaults:4)
  A shock serpent (shapeshifter) (Vaults:2)
  Nergalle (D:11)
  A fire crab (shapeshifter) (Vaults:4)
  2 deep elf knights
  2 fire crabs (Vaults:2)
  2 shadow wraiths
  A hell knight (Vaults:4)
  19 skeletal warriors
  11 sea snakes
  2 unseen horrors (D:13)
  A death drake (shapeshifter) (Vaults:2)
  6 deep trolls
  12 ironbrand convokers
  A lindwurm (Lair:4)
  6 hill giants
  20 harpies
  An anubis guard (shapeshifter) (Vaults:1)
  5 deep elf archers
  13 orc knights
  4 necromancers (D:14)
  27 wolf spiders
  18 griffons
  13 orb spiders
  11 deep elf magi
  A manticore (shapeshifter) (Vaults:4)
  31 ugly things
  10 fauns
  8 manticores
  An orc sorcerer (Vaults:1)
  7 hornets
  8 salamanders
  4 water nymphs
  10 cyclopes
  2 moths of wrath (Spider:4)
  18 elephants
  3 black mambas
  A guardian serpent (shapeshifter) (Vaults:4)
  3 gargoyles
  15 vault sentinels
  3 torpor snails
  Joseph (D:7)
  5 centaur zombies
  7 sirens
  20 spiny frogs
  An efreet (D:15)
  2 kobold demonologists
  A yaktaur (shapeshifter) (Vaults:4)
  8 komodo dragons
  A spriggan druid (Lair:6)
  10 demonic crawlers
  2 fire drakes
  8 trolls
  33 yaktaurs
  27 merfolk
  4 polar bears
  A queen bee (Lair:4)
  8 two-headed ogres
  20 jumping spiders
  8 freezing wraiths
  4 boulder beetles
  12 blink frogs
  21 slime creatures
  A fire giant simulacrum (Vaults:1)
  10 snapping turtles
  20 trapdoor spiders
  58 redbacks
  A spriggan (D:14)
  33 tarantellas
  2 vampires (D:15)
  A centaur simulacrum (D:15)
  62 yaks
  3 wraiths
  4 wyverns
  2 basilisks
  5 hogs (Lair:3)
  7 water elementals
  A fire bat (Volcano)
  A fire bat (shapeshifter) (D:15)
  A basilisk (shapeshifter) (Vaults:2)
  3 hungry ghosts
  15 hippogriffs
  17 vampire mosquitoes
  19 humans (D:14)
  A steam dragon (D:12)
  16 wolves
  6 wargs
  2 mottled dragons
  A warg (shapeshifter) (Vaults:2)
  11 soldier ants
  11 water moccasins
  16 porcupines
  43 orc warriors
  4 sky beasts
  8 wasps
  3 black bears
  2 phantoms
  9 ice beasts
  32 ogres
  A necrophage (D:9)
  2 eyes of draining
  3 boggarts (Depths:1)
  18 centaurs
  18 crocodiles
  8 big kobolds
  Blork the orc (D:4)
  18 giant frogs
  3 gnoll sergeants (D:9)
  5 scorpions
  50 killer bees
  14 wights
  5 electric eels
  7 crimson imps
  A giant frog zombie (D:10)
  11 hounds
  9 orc priests
  5 jellies
  23 orc wizards
  6 centaur skeletons
  Ijyb (D:2)
  4 giant frog skeletons
  27 worker ants
  9 iguanas
  A boulder beetle simulacrum (Vaults:2)
  25 sheep
  A hound zombie (D:10)
  2 hound skeletons
  A worker ant zombie (D:9)
  9 gnolls
  9 adders
  61 river rats
  4 shadow imps
  3 oozes
  6 adder skeletons
  6 worms
  A giant gecko (D:4)
  129 orcs
  2 ball pythons
  8 giant cockroaches
  5 goblins
  3 hobgoblins
  22 jackals
  20 kobolds
  5 quokkas
  6 bats
  A giant gecko skeleton (D:5)
  6 giant newts
  A jackal skeleton (D:4)
  7 rats
  A butterfly (Lair:7)
  2 fungi
  2 plants
  A tentacle (Shoals:4)
1700 creatures vanquished.

Vanquished Creatures (others)
  A tengu reaver (Vaults:2)
  The ghost of Enish the Devastator, an adept TeCj of Vehumet (D:15)
  A yaktaur captain (Vaults:4)
  A satyr (Shoals:4)
  A soul eater (Vaults:3)
  A deep elf archer (Vaults:4)
  A wolf spider (D:7)
  6 yaktaurs
  A tarantella (Spider:4)
  5 orc warriors
  An ice beast (D:15)
  2 centaurs
  2 orc priests (D:15)
  An adder (D:12)
  7 orcs
  A bush (Lair:8)
  27 fungi
  15 plants
  3 tentacles (Shoals:4)
  133 tentacle segments (Shoals:4)
211 creatures vanquished.

Grand Total: 1911 creatures vanquished

Notes
Turn   | Place    | Note
--------------------------------------------------------------
     0 | D:1      | Arkorax the Vine Stalker Monk began the quest for the Orb.
     0 | D:1      | Reached XP level 1. HP: 11/11 MP: 2/2
   270 | D:1      | Reached XP level 2. HP: 12/16 MP: 3/3
   819 | D:2      | Found a deep blue altar of Sif Muna.
   854 | D:2      | Reached XP level 3. HP: 20/20 MP: 4/4
   928 | D:2      | Noticed Ijyb
   996 | D:2      | Killed Ijyb
   996 | D:2      | Reached XP level 4. HP: 17/25 MP: 5/5
  1059 | D:2      | Found an ancient bone altar of Kikubaaqudgha.
  1116 | D:2      | Found a shattered altar of Ashenzari.
  1120 | D:2      | Saw a vision of the Shoals and the Spider Nest.
  1120 | D:2      | Noticed a centaur
  1120 | D:2      | Noticed a hippogriff
  1120 | D:2      | Noticed a merfolk
  1120 | D:2      | Noticed a hippogriff
  1120 | D:2      | Noticed a sea snake
  1120 | D:2      | Noticed a merfolk
  1120 | D:2      | Noticed a siren
  1120 | D:2      | Noticed a siren
  1122 | D:2      | Noticed a siren
  1152 | D:2      | Found a snail-covered altar of Cheibriados.
  1294 | D:2      | Found a stormy altar of Qazlal.
  1438 | D:3      | Found a white marble altar of Elyvilon.
  1485 | D:3      | Reached skill level 5 in Unarmed Combat
  1485 | D:3      | Reached XP level 5. HP: 11/29 MP: 6/6
  1618 | D:3      | Became a worshipper of Elyvilon the Healer
  1618 | D:3      | Reached * piety under Elyvilon
  1618 | D:3      | Reached ** piety under Elyvilon
  1845 | D:3      | Found a glowing silver altar of Zin.
  1914 | D:3      | Found a burning altar of Makhleb.
  2144 | D:4      | Reached skill level 1 in Invocations
  2190 | D:4      | Reached *** piety under Elyvilon
  2272 | D:4      | Gained mutation: You heal very quickly. [Vine Stalker growth]
  2272 | D:4      | Reached XP level 6. HP: 30/34 MP: 7/7
  2411 | D:4      | Reached skill level 5 in Fighting
  2725 | D:4      | Reached skill level 6 in Unarmed Combat
  2725 | D:4      | Reached XP level 7. HP: 31/39 MP: 7/9
  3154 | D:4      | Noticed Blork the orc
  3167 | D:4      | Killed Blork the orc
  3396 | D:5      | Entered Level 5 of the Dungeon
  3671 | D:5      | Found a sacrificial altar of Ru.
  3951 | D:6      | Found a radiant altar of Vehumet.
  3978 | D:6      | Gained mutation: You have razor-sharp teeth. [Vine Stalker growth]
  3978 | D:6      | Reached XP level 8. HP: 15/44 MP: 4/11
  4064 | D:6      | Reached skill level 7 in Unarmed Combat
  4163 | D:6      | Found a staircase to the Ecumenical Temple.
  4260 | D:6      | HP: 2/45 [wight/halberd of freezing (1)]
  4467 | D:6      | Reached **** piety under Elyvilon
  4486 | D:6      | Reached skill level 5 in Invocations
  4511 | D:6      | Reached skill level 8 in Unarmed Combat
  4547 | D:6      | Reached XP level 9. HP: 49/49 MP: 12/14
  5102 | D:7      | Found an iron altar of Okawaru.
  5254 | D:7      | Noticed Joseph
  5296 | D:7      | Killed Joseph
  5296 | D:7      | Reached skill level 9 in Unarmed Combat
  5568 | D:7      | Found Gixol's Weapon Shop.
  5680 | D:7      | Found an oddly glowing altar of Pakellas.
  5680 | D:7      | Noticed a wolf spider
  5692 | D:7      | Killed a wolf spider
  5814 | D:8      | Found a sparkling altar of Nemelex Xobeh.
  6060 | D:8      | Reached ***** piety under Elyvilon
  6373 | D:8      | Found Xischic's Weapon Boutique.
  6415 | D:8      | Reached XP level 10. HP: 45/55 MP: 16/16
  6986 | D:9      | Found a glowing golden altar of the Shining One.
  7214 | D:9      | Reached skill level 10 in Unarmed Combat
  7278 | D:9      | Found a staircase to the Orcish Mines.
  7863 | D:9      | Reached XP level 11. HP: 58/60 MP: 19/19
  7926 | D:9      | Reached skill level 10 in Invocations
  7961 | D:9      | Reached skill level 1 in Shields
  8008 | D:10     | Entered Level 10 of the Dungeon
  8469 | D:10     | Found a staircase to the Lair.
  8518 | D:10     | Found Jaukeih's Armour Boutique.
  8720 | D:10     | Noticed a hill giant
  8727 | D:10     | Killed a hill giant
  8730 | D:10     | Found Cofel's General Store.
  8738 | D:10     | Bought a +1 hat for 176 gold pieces
  9029 | D:10     | Noticed a hill giant
  9042 | D:10     | Killed a hill giant
  9284 | D:10     | Identified a scroll of acquirement
  9287 | D:10     | Got a jewelled cloak
  9298 | D:10     | Identified the -6 cloak of the Hare {MP+9} (You acquired it on level 10 of the Dungeon)
  9417 | Lair:1   | Entered Level 1 of the Lair of Beasts
 10445 | Lair:1   | Reached skill level 11 in Invocations
 10625 | Lair:2   | Gained mutation: You regenerate. [Vine Stalker growth]
 10625 | Lair:2   | Reached XP level 12. HP: 55/67 MP: 18/21
 10881 | Lair:2   | Found a dark tunnel.
 11000 | Volcano  | Entered a volcano
 11096 | Lair:2   | Found a burning altar of Makhleb.
 11103 | Lair:2   | Reached skill level 10 in Fighting
 11668 | Lair:3   | Noticed a four-headed hydra
 11680 | Lair:3   | Pacified a four-headed hydra
 11794 | Lair:3   | Reached skill level 12 in Invocations
 11942 | Lair:3   | Found a staircase to the Shoals.
 12019 | Lair:3   | Reached ****** piety under Elyvilon
 12830 | Lair:4   | Reached skill level 13 in Invocations
 12891 | Lair:4   | Reached XP level 13. HP: 33/72 MP: 16/23
 13786 | Lair:5   | Found a labyrinth entrance.
 13796 | Lab      | Entered a labyrinth
 14071 | Lab      | Noticed a minotaur
 14089 | Lab      | Killed a minotaur
 14138 | Lab      | Identified a +4 rod of destruction (13/13) (You found it in a labyrinth)
 14146 | Lab      | Learned a level 1 spell: Apportation
 14645 | Lair:6   | Reached skill level 14 in Invocations
 15036 | Lair:6   | Found a runed door.
 15044 | Lair:6   | Found a viscous altar of Jiyva.
 15046 | Lair:6   | Found a staircase to the Slime Pits.
 15182 | Lair:6   | Found a hole to the Spider Nest.
 15774 | Lair:7   | Reached XP level 14. HP: 79/79 MP: 24/26
 16002 | Lair:7   | Reached skill level 15 in Invocations
 16462 | Lair:8   | Entered Level 8 of the Lair of Beasts
 17383 | Lair:8   | Reached skill level 16 in Invocations
 17438 | Lair:8   | Reached XP level 15. HP: 28/85 MP: 25/28
 18843 | D:11     | Noticed ZiggyStardust's ghost (journeyman OgIE)
 18916 | D:10     | Bought the +0 pair of gloves of Depression {rN+ Regen+ Dex-4} for 116 gold pieces
 18916 | D:10     | Bought the +5 ring mail of Letzeos {rC+ rN++ Int-3 Dex+3} for 856 gold pieces
 18989 | D:11     | Killed ZiggyStardust's ghost
 19627 | D:11     | Noticed Nergalle
 19640 | D:11     | Killed Nergalle
 19970 | D:12     | Reached skill level 17 in Invocations
 20735 | D:13     | Noticed Snorg
 20744 | D:13     | Killed Snorg
 21746 | D:14     | Reached XP level 16. HP: 61/92 MP: 29/29
 22179 | D:14     | Got a faintly humming cloak
 22190 | D:14     | Identified the +0 cloak of the Beginning {rN+ Dex+3} (You acquired it on level 14 of the Dungeon)
 22326 | D:14     | Found a gate to the Vaults.
 22498 | D:15     | Entered Level 15 of the Dungeon
 22512 | D:15     | Noticed Enish's ghost (adept TeCj)
 22608 | D:15     | Reached skill level 15 in Unarmed Combat
 22720 | D:15     | Killed Enish's ghost
 23674 | D:15     | Found a staircase to the Depths.
 23795 | D:15     | Noticed an azure jelly
 23847 | D:15     | Killed an azure jelly
 24126 | Orc:1    | Entered Level 1 of the Orcish Mines
 24126 | Orc:1    | Found Bacoav's Assorted Antiques.
 24148 | Orc:1    | Bought a black potion for 30 gold pieces
 24237 | Orc:1    | Found a roughly hewn altar of Beogh.
 24552 | Orc:2    | Entered Level 2 of the Orcish Mines
 24673 | Orc:2    | Found a staircase to the Elven Halls.
 24687 | Orc:2    | Reached skill level 1 in Armour
 24868 | Orc:2    | Found Naofim's Gadget Emporium.
 24868 | Orc:2    | Found Powni's Jewellery Boutique.
 24870 | Orc:2    | Found Sieliuw's Book Shop.
 24872 | Orc:2    | Found Varph's Food Shoppe.
 25737 | Spider:1 | Entered Level 1 of the Spider Nest
 26073 | Spider:1 | Reached skill level 15 in Fighting
 26505 | Spider:1 | Reached XP level 17. HP: 80/99 MP: 30/30
 27143 | Spider:2 | Learned a level 2 spell: Swiftness
 27181 | Spider:2 | Identified a +0 rod of destruction (13/13) (You found it on level 2 of the Spider Nest)
 27823 | Spider:3 | Noticed Jorgrun
 28059 | Spider:2 | Killed Jorgrun
 29839 | Spider:3 | Upgraded the game from 0.18-a0-977-ge0e037f to 0.18-a0-995-gd892ad2
 29850 | Spider:4 | Entered Level 4 of the Spider Nest
 30165 | Spider:3 | Reached skill level 5 in Armour
 31490 | Spider:2 | Reached XP level 18. HP: 71/105 MP: 31/31
 31627 | Shoals:1 | Entered Level 1 of the Shoals
 31627 | Shoals:1 | Noticed Kirke
 31803 | Lair:3   | Killed Kirke
 31930 | Shoals:1 | Got a pair of shimmering gloves
 31941 | Shoals:1 | Identified the +1 pair of gloves "Agrun" {rPois Int+4 Dex+3} (You acquired it on level 1 of the Shoals)
 31968 | Shoals:1 | Found Ixuimm's Armour Shop.
 32428 | Shoals:1 | Got a faintly humming robe
 32439 | Shoals:1 | Identified the cursed +1 robe of Oblivion {MR++ Regen+} (You found it on level 1 of the Shoals)
 32659 | Shoals:1 | Noticed Frances
 32671 | Shoals:1 | Killed Frances
 34708 | Shoals:3 | Reached skill level 5 in Dodging
 34823 | Shoals:3 | Found Esecve's Antique Weapon Emporium.
 35818 | Shoals:4 | Entered Level 4 of the Shoals
 36323 | Shoals:4 | HP: 4/107 [tentacle[a kraken] (12)]
 36324 | Shoals:4 | Elyvilon protects you from harm!
 36325 | Shoals:4 | Reached XP level 19. HP: 3/111 MP: 13/32
 36334 | Shoals:4 | Got a barnacled rune of Zot
 36904 | Vaults:1 | Entered Level 1 of the Vaults
 37788 | Vaults:1 | Found a sacrificial altar of Ru.
 38484 | Vaults:2 | Found Ocziuc's Antique Weapon Emporium.
 38563 | Vaults:2 | Reached skill level 18 in Unarmed Combat
 39039 | Vaults:2 | Noticed Nikola
 39102 | Vaults:2 | Killed Nikola
 39991 | Vaults:2 | Reached XP level 20. HP: 105/117 MP: 28/33
 40028 | Vaults:2 | Reached skill level 10 in Dodging
 40069 | Vaults:2 | Noticed Sojobo
 40338 | Vaults:1 | Noticed Somebody's ghost (adept DEIE)
 40361 | Vaults:1 | Killed Somebody's ghost
 40724 | Vaults:1 | Killed Sojobo
 41589 | Vaults:3 | Found a staircase to the Crypt.
 42142 | Vaults:3 | Got a pair of crude boots
 42148 | Vaults:3 | Identified the +2 pair of boots of Xaokohy {rC+} (You found it on level 3 of the Vaults)
 43659 | Vaults:4 | Reached XP level 21. HP: 114/123 MP: 34/34
 43677 | Vaults:4 | Reached skill level 19 in Unarmed Combat
 43950 | Vaults:4 | Got a jewelled hat
 43961 | Vaults:4 | Identified the +1 hat "Rumiur" {+Inv rF- Int+6} (You acquired it on level 4 of the Vaults)
 45967 | Spider:4 | Got a gossamer rune of Zot
 46422 | Depths:1 | Entered Level 1 of the Depths
 46422 | Depths:1 | Found a gateway to Hell.
 46545 | Depths:1 | Elyvilon protects you from harm!
 46545 | Depths:1 | Mangled by a spark wasp

Vault maps used:
D:1:      minmay_arrival_nine_rooms
D:2:      lemuel_round_altar, lemuel_round_altar,
          nicolae_overflow_hidden_temple, cheibriados_altar_1, first_bread,
          grunt_ashenzari_visionary, uniq_iyjb
D:3:      zin_treasury, makhleb_heckhound_becter, elyvilon_altar_5,
          kennysheep_cross_bottleneck
D:4:      uniq_blork_the_orc
D:5:      nicolae_ru_the_path_less_chosen
D:6:      old_standard_altar, minmay_temple_entry_statues_fountains,
          wad_floor_pattern_1
D:7:      lemuel_doored_altar, gammafunk_pakellas_cloud_experiment,
          serial_shops, nicolae_shop_trees, uniq_joseph
D:8:      nemelex_xobeh_ov_fountains_minmay, serial_shops, nicolae_shop_crystal
D:9:      kennysheep_mini_moat, kennysheep_orc_monster_closet_entryway,
          special_room
D:10:     due_lair_maze_entry_diamond, serial_shops, shop, shop
D:11:     uniq_nergalle
D:13:     uniq_snorg
D:14:     kennysheep_ambush_hall, grunt_vaults_entry_tiered, grunt_pizzeria
D:15:     hangedman_depths_entry_try_elsewhere_first, amethyst_killhole,
          portal_ice_cave_entry_horrid_things
Lair:1:   lemuel_fruit_tree
Lair:2:   enter_volcano_4, basic_altar, beast_lair_carwin_3, lemuel_fruit_fields
Lair:3:   shoals_dummy_entry, beast_lair_carwin_11, lemuel_fruit_fields,
          grunt_megastairs_5
Lair:4:   special_room, fungi_pond_lemuel
Lair:5:   lab_entry_generic
Lair:6:   nicolae_spider_entry_orb_guardian, slime_altar_2,
          kilobyte_rumbling_trees
Lair:7:   lemuel_fruit_fields, infiniplex_staircase_pool, serial_bayou_shore_a,
          grunt_megastairs_2
Lair:8:   evilmike_catoblepas_cave
Shoals:1: serial_shops, nicolae_shop_crystal, uniq_frances, uniq_kirke
Shoals:3: nicolae_shoals_c_island
Shoals:4: shoals_end_hangedman, shoal_ilsuiw
Spider:1: spider_trap, minmay_another_anthill
Spider:3: spider_trap, uniq_jorgrun
Spider:4: spider_rune_water, guppyfry_wasp_nest
Orc:1:    serial_shops, shop, mines1_david
Orc:2:    st_orc_rangers
Vaults:1: ontoclasm_vaults_shuriken, vaults_mumra_chevron,
          hangedman_vaults_nails, vaults_dpeg_diagonal,
          nicolae_vaults_ring_of_whatevers, hangedman_vaults_corner_blocks,
          nicolae_vaults_little_ls, nicolae_vaults_little_squares_1,
          vaults_room_grunt_arrival_ludios, vaults_room_fours, v_misc_30,
          v_misc_22, vaults_standard_mumra_x, v_misc_33, vaults_dpeg_hooks,
          nicolae_vaults_diagonal_hallway_9, basic_altar
Vaults:2: v_misc_14, grunt_vaults_focal, hangedman_vaults_river_flow,
          nicolae_vaults_mini_display_case, nicolae_vaults_big_ls,
          hangedman_vaults_stream, hangedman_vaults_locks,
          hangedman_vaults_corner, st_spiral_rooms, ontoclasm_vaults_twist,
          nicolae_vaults_gold_heap, serial_shops, shop_fountains, uniq_nikola,
          uniq_sojobo
Vaults:3: vaults_mumra_hexcomb, nicolae_vaults_triangles,
          minmay_crypt_entry_simple_statues, vaults_room_hangedman_quadrants
Vaults:4: ontoclasm_vaults_ring_small, dpeg_vaults_monster_row, v_pattern_4,
          nicolae_vaults_windows_and_doors_thing,
          nicolae_vaults_little_squares_1, vaults_room_semicircle,
          vaults_room_door_hall
Depths:1: hell_entry, nicolae_water_bricks, minmay_misc_feat_tower,
          minmay_hidden_floor, firewood_loft
Lab:      labyrinth_spiral, nicolae_lab_flowing_pool
Volcano:  volcano_village

Action                   |  1- 3 |  4- 6 |  7- 9 | 10-12 | 13-15 | 16-18 | 19-21 || total
-------------------------+-------+-------+-------+-------+-------+-------+-------++-------
Melee: Unarmed           |   109 |   215 |   447 |  1132 |  1797 |  2563 |  1774 ||  8037
Throw: Throwing net      |       |       |       |       |       |     2 |       ||     2
Invok: Greater Healing   |       |       |       |     4 |     3 |    13 |     2 ||    22
       Heal Other        |       |       |       |     1 |     3 |     2 |       ||     6
       Divine Vigour     |       |       |       |       |     1 |       |     1 ||     2
       Purification      |       |       |       |       |       |    10 |       ||    10
 Abil: Evoke Berserk Rag |       |       |       |       |     1 |       |       ||     1
Evoke: Wand              |       |       |       |     6 |     3 |    14 |     2 ||    25
  Use: Scroll            |       |       |    13 |     5 |    17 |    28 |     3 ||    66
       Potion            |       |       |     4 |     1 |     3 |     6 |     5 ||    19
 Stab: Sleeping          |     4 |       |       |       |     1 |     7 |     5 ||    17
       Distracted        |     1 |       |       |       |     1 |     2 |     4 ||     8
       Paralysed         |       |       |       |     1 |       |       |       ||     1
       Invisible         |       |       |       |       |    15 |     1 |       ||    16
  Eat: Bread ration      |       |     1 |     2 |     2 |     1 |     6 |     5 ||    17
       Chunk             |       |     1 |     3 |     1 |     3 |     5 |     2 ||    15
       Meat ration       |       |       |     1 |     3 |     1 |     3 |     3 ||    11
       Fruit             |       |       |       |       |    13 |       |       ||    13
       Royal jelly       |       |       |       |       |     8 |     3 |       ||    11
       Beef jerky        |       |       |       |       |       |     4 |       ||     4
